 Dungeon Crawl Stone Soup version 0.32-a0-596-g69a5a37 (webtiles) character file.

Game seed: 14162119664375722372

57568 Remcycle the Fencer (level 14, -6/108 HPs)
             Began as a Coglin Gladiator on Mar 2, 2024.
             Was a High Priest of the Shining One.
             Mangled by a titan skeleton (26 damage)
             ... on level 3 of the Abyss.
             The game lasted 01:00:33 (15511 turns).

Remcycle the Fencer (Coglin Gladiator)             Turns: 15511, Time: 01:00:35

Health: -6/108     AC: 32    Str: 23    XL:     14   Next: 86%
Magic:  14/14      EV: 14    Int:  8    God:    the Shining One [*****.]
Gold:   1385       SH:  0    Dex: 21    Spells: 13/13 levels left

rFire   . . .        a - +10 falchion "Solimeun" {heavy, rElec}
rCold   . . .        b - +7 short sword of the Riding Gods {spect, rElec Str+5 Dex-2 Stlth-}
rNeg    + + .        y - +18 Lear's hauberk
rPois   +            (helmet currently unavailable)
rElec   +            B - +2 cloak of the End {-Cast rElec rF- Dex+6}
rCorr   +            (gloves currently unavailable)
SInv    .            (boots currently unavailable)
Will    +....        (amulet unavailable) Stlth
                     (ring unavailable)
HPRegen 0.38/turn    (ring unavailable)
MPRegen 0.14/turn    M - cryobismuth whirligig {AutoDazzle, rPois rF+ rCorr}

%: no spellcasting
@: glowing, revved
A: off-hand wielding, slow wielding, warmup strikes, no jewellery
a: Renounce Religion, Divine Shield, Cleansing Flame, Summon Divine Warrior


You were on level 3 of the Abyss.
You worshipped the Shining One.
The Shining One was extremely pleased with you.
You visited 3 branches of the dungeon, and saw 17 of its levels.
You visited the Abyss 1 time.
You also visited: Bailey and Gauntlet.

You collected 1385 gold pieces.

Inventory:

Hand Weapons
 a - the +10 falchion "Solimeun" (weapon) {heavy, rElec}
   (You found it on level 2 of the Dungeon)

   rElec:     It insulates you from electricity.
 b - the +7 short sword of the Riding Gods (offhand) {spect, rElec Str+5 Dex-2 Stlth-}
   (You found it on level 5 of the Dungeon)

   Str+5:     It affects your strength (+5).
   Dex-2:     It affects your dexterity (-2).
   rElec:     It insulates you from electricity.
   Stlth-:    It makes you less stealthy.
 c - a +2 hand axe of flaming {Genichi}
 d - a +2 scimitar of flaming {Koruri}
 F - a +0 broad axe
Missiles
 e - 4 javelins
 I - 3 throwing nets
Armour
 i - the +1 pair of boots of Subjectivity {Harm *Slow rF++ SInv}
   (You acquired it on level 6 of the Dungeon)

   rF++:      It greatly protects you from fire.
   SInv:      It lets you see invisible.
   *Slow:     It may slow you when you take damage.
   Harm:      It increases damage dealt and taken.
 l - a +2 cloak
 y - the +18 Lear's hauberk (worn)
   (You found it on level 6 of the Dungeon)
 B - the +2 cloak of the End (worn) {-Cast rElec rF- Dex+6}
   (You found it in a bailey)

   Dex+6:     It affects your dexterity (+6).
   rF-:       It makes you vulnerable to fire.
   rElec:     It insulates you from electricity.
   -Cast:     It prevents spellcasting.
 C - +0 shadow dragon scales
 K - a +1 helmet
Gizmo
 M - a cryobismuth whirligig (installed) {AutoDazzle, rPois rF+ rCorr}
   (You invented it yourself on level 4 of the Lair of Beasts)

   [cryobismuth whirligig]

   AutoDazzle: It sometimes fires a blinding ray at enemies whose attacks you
   dodge.
   rF+:       It protects you from fire.
   rPois:     It protects you from poison.
   rCorr:     It protects you from acid and corrosion.
Wands
 u - a wand of digging (7)
 w - a wand of polymorph (12)
 z - a wand of mindburst (7)
 A - a wand of acid (2) (quivered)
 D - a wand of flame (19)
Scrolls
 h - 3 scrolls of blinking
 k - 2 scrolls of enchant armour
 n - 3 scrolls of fog
 o - 3 scrolls of poison
 q - a scroll of fear
 t - a scroll of immolation
 E - 5 scrolls of teleportation
 G - a scroll of amnesia
 J - a scroll of vulnerability
 N - a scroll of revelation
Potions
 f - a potion of might
 g - 3 potions of ambrosia
 j - a potion of lignification
 m - 2 potions of brilliance
 p - 3 potions of curing
 s - 3 potions of berserk rage
 v - 5 potions of enlightenment
 x - a potion of mutation
 H - a potion of haste
 L - a potion of magic {unknown}


   Skills:
 + Level 9.4 Fighting
 - Level 7.2(11.8) Short Blades
 + Level 15.7(16.4) Long Blades
 + Level 8.4 Axes
 - Level 1.7 Throwing
 + Level 8.4 Armour
 + Level 8.8 Dodging
 - Level 10.0 Evocations


You had 13 spell levels left.
You didn't know any spells.
Your spell library contained the following spells:

 Spells                   Type           Power      Damage    Failure   Level
 Freeze                   Ice            0%         1d3       91%         1
 Magic Dart               Conj           0%         1d3       91%         1
 Blink                    Tloc           0%         N/A       97%         2
 Call Imp                 Summ           0%         N/A       97%         2
 Ensorcelled Hibernation  Hex/Ice        0%         N/A       97%         2
 Lesser Beckoning         Tloc           0%         N/A       97%         2
 Frozen Ramparts          Ice            0%         1d1       99%         3
 Fugue of the Fallen      Necr           0%         N/A       99%         3
 Gell's Gravitas          Tloc           0%         N/A       99%         3
 Hailstorm                Conj/Ice       0%         3d5       99%         3
 Teleport Other           Tloc           0%         N/A       99%         3
 Anguish                  Hex/Necr       0%         N/A       100%        4


Dungeon Overview and Level Annotations

Branches:
Dungeon (12/15)            Temple (1/1) D:6            Lair (4/5) D:8
 Shoals (0/4) Lair:2       Spider (0/4) Lair:2        Slime (0/5) Lair:4
    Orc (0/2) D:10         Bailey (visited)         Gauntlet (visited)

Altars:
Ashenzari
Cheibriados
Dithmenos
Elyvilon
Fedhas
Gozag
Hepliaklqana
Kikubaaqudgha
Makhleb
Nemelex Xobeh
Okawaru
Qazlal
Ru
Sif Muna
Trog
Uskayaw
Vehumet
Wu Jian
Xom
Yredelemnul
Zin
The Shining One
Jiyva

Shops:
D:5 =   D:8 (**

Annotations:
Gauntlet 7 transporters, 2 runed translucent doors


Innate Abilities, Weirdness & Mutations

You can wield a second weapon in your off-hand.
It takes a long time for you to wield or remove held weapons.
Your first few attacks do less damage.
You cannot equip rings or amulets.


Message History

The raiju is lightly wounded.
You completely miss the raiju with the +7 short sword of the Riding Gods.
The raiju closely misses you.
The ynoxinul gestures.
You puncture the raiju with the +7 short sword of the Riding Gods!
The raiju is moderately wounded.
You slice the raiju with the +10 falchion "Solimeun"!!
You hear a shout!
The raiju misses you.
A raiju comes into view.
The titan skeleton hits you!
You hit the raiju with the +7 short sword of the Riding Gods.
The raiju is almost dead.
You hit the raiju with the +10 falchion "Solimeun".
The raiju bites you but does no damage.
You puncture the raiju with the +7 short sword of the Riding Gods!
You kill the raiju!
The titan skeleton hits you!
A raiju comes into view.
The ynoxinul gestures at you. The iron shot misses you.
The titan skeleton hits you!
You see here a raiju corpse.
You hit the ufetubus with the +7 short sword of the Riding Gods.
The ufetubus is lightly wounded.
You hit the ufetubus with the +10 falchion "Solimeun".
Your +7 short sword of the Riding Gods {spect, rElec Str+5 Dex-2 Stlth-} hits the ufetubus.
You kill the ufetubus!
The ufetubus disappears in a puff of smoke!
The ufetubus misses you. The ufetubus barely misses you.
You slice the titan skeleton with the +10 falchion "Solimeun"!!
The titan skeleton is lightly damaged.
You puncture the titan skeleton with the +7 short sword of the Riding Gods!
Your +7 short sword of the Riding Gods {spect, rElec Str+5 Dex-2 Stlth-} hits the titan skeleton.
The ufetubus hits you but does no damage. x2
The ynoxinul gestures at you.
The iron shot hits your +7 short sword of the Riding Gods {spect, rElec Str+5 Dex-2 Stlth-}!!
Your spectral weapon shares its damage with you!
* * * LOW HITPOINT WARNING * * *
The titan skeleton hits you!!
You die...

### .#.
#..
#....#5###
....h3(@.#
.#..h#§Z##
......#.#
.#.+....#
..#....
⌠⌠......
.⌠⌠.....#
......#.#
'


You could see 2 raiju, a ynoxinul (ally target), an ufetubus (summoned), a titan
skeleton and a friendly +7 short sword of the Riding Gods {spect, rElec Str+5
Dex-2 Stlth-}.

Vanquished Creatures
  A bone dragon (Abyss:3)
  3 tentacled starspawn (Abyss:3)
  3 hydras
  A catoblepas (Lair:1)
  The ghost of 9stopf the Carver, a journeyman CoWr of Cheibriados (D:8)
  A boulder beetle (Lair:4)
  5 death yaks (Lair:4)
  3 two-headed ogres
  Erica (Lair:1)
  Sonja (D:10)
  4 thrashing horrors (Abyss:3)
  A skyshark (Lair:1)
  The ghost of Huckle the Twirler, a novice MiEE (D:7)
  Amaemon (Lair:1)
  2 wretched stars (Abyss:3)
  4 large abominations
  An arcanist (Gauntlet)
  An orc knight (Bailey)
  A deep elf pyromancer (D:10)
  A worldbinder (Gauntlet)
  A cyclops (D:11)
  4 black mambas
  A torpor snail (Lair:1)
  10 elephants
  6 cane toads
  2 smoke demons (Abyss:3)
  An unseen horror (D:10)
  6 kobold demonologists
  An orange demon (Lair:1)
  3 rime drakes
  The ghost of cnlflgl the Insei, a novice OpSh of Gozag (D:5)
  12 komodo dragons
  Psyche (D:10)
  A merfolk (Lair:2)
  A tengu conjurer (D:12)
  2 unseen horror skeletons (D:7)
  A hornet (D:10)
  3 trolls
  3 hellwings (Abyss:3)
  4 blink frogs (Lair:3)
  4 dream sheep (Lair:1)
  2 raiju (Abyss:3)
  2 jumping spiders (Lair:2)
  A wraith (D:11)
  3 shadows
  5 wyverns
  32 yaks
  5 basilisks
  4 starcursed masses (Abyss:3)
  A human (D:10)
  An unseen horror simulacrum (D:7)
  2 steam dragons
  4 vampire mosquitoes (D:10)
  Menkaure (D:7)
  A chaos spawn (Abyss:3)
  10 water moccasins
  An acid dragon (D:6)
  3 ice beasts
  11 orc warriors
  2 black bears
  2 ogres
  7 small abominations
  2 boggarts (Gauntlet)
  10 wolves
  3 centaurs
  A phantom (D:5)
  Blork the orc (D:4)
  3 kobold brigands
  2 weeping skulls (Abyss:3)
  13 bullfrogs
  A scorpion (D:5)
  A wyvern skeleton (D:7)
  5 wights (D:7)
  8 killer bees
  10 howler monkeys
  A crimson imp (D:10)
  3 hounds
  An iron imp (Abyss:3)
  4 orc priests
  3 sleepcaps
  5 jellies
  A gnoll bouda (D:9)
  5 iguanas
  9 orc wizards
  A spectral howler monkey (D:7)
  15 gnolls
  6 adders
  5 shadow imps
  5 white imps
  A howler monkey simulacrum (D:7)
  4 ufetubi
  A dart slug (D:5)
  2 ribbon worms
  38 orcs
  A bat (D:2)
  7 endoplasms
  6 giant cockroaches
  7 goblins
  6 hobgoblins
  4 jackals
  6 ball pythons
  2 frilled lizards (D:1)
  22 kobolds
  3 rats
  A lurking horror (Abyss:3)
  A starspawn tentacle (Abyss:3)
441 creatures vanquished.

Vanquished Creatures (others)
  A lurking horror (Abyss:3)
  2 spectral weapons (Abyss:3)
  8 starspawn tentacles (Abyss:3)
11 creatures vanquished.

Grand Total: 452 creatures vanquished

Notes
Turn   | Place    | Note
-------+----------+-------------------------------------------
     0 | D:1      | Remcycle the Coglin Gladiator began the quest for the Orb.
     0 | D:1      | Reached XP level 1. HP: 16/16 MP: 1/1
     2 | D:1      | Noticed a naga
     2 | D:1      | Noticed a minotaur
     4 | D:1      | Noticed a gargoyle
     4 | D:1      | Noticed a tengu
     6 | D:1      | Noticed an elf
     6 | D:1      | Noticed a vine stalker
     8 | D:1      | Noticed an oni
     8 | D:1      | Noticed a troll
    10 | D:1      | Noticed a dwarf
    10 | D:1      | Noticed a demigod
    12 | D:1      | Noticed a barachi
    12 | D:1      | Noticed an octopode
    14 | D:1      | Noticed an armataur
    14 | D:1      | Noticed a vampire
    16 | D:1      | Noticed a spriggan
    18 | D:1      | Noticed a formicid
    18 | D:1      | Noticed a draconian
    20 | D:1      | Noticed a ghoul
    22 | D:1      | Noticed a felid
    22 | D:1      | Noticed a merfolk
    24 | D:1      | Noticed a djinni
    24 | D:1      | Noticed a demonspawn
    28 | D:1      | Noticed a human
   238 | D:1      | Reached XP level 2. HP: 21/22 MP: 2/2
   640 | D:2      | Identified the +10 falchion "Solimeun" {heavy, rElec}
   709 | D:2      | Reached skill level 4 in Long Blades
   778 | D:2      | Reached XP level 3. HP: 22/27 MP: 3/3
   889 | D:2      | Reached XP level 4. HP: 30/33 MP: 4/4
   904 | D:2      | You fall into a shaft and drop 1 floor!
  1035 | D:3      | Reached skill level 5 in Long Blades
  1623 | D:3      | Found a transporter.
  1641 | D:3      | Found a transporter.
  1768 | D:4      | Noticed Blork the orc
  1773 | D:4      | Killed Blork the orc
  1774 | D:4      | Reached skill level 6 in Long Blades
  1774 | D:4      | Reached XP level 5. HP: 26/38 MP: 5/5
  1786 | D:4      | Found a sparkling altar of Nemelex Xobeh.
  1907 | D:4      | Reached XP level 6. HP: 44/44 MP: 6/6
  2008 | D:4      | Found a radiant altar of Vehumet.
  2008 | D:4      | Found a blossoming altar of Fedhas.
  2008 | D:4      | Found a shadowy altar of Dithmenos.
  2018 | D:4      | Noticed a black bear
  2025 | D:4      | Killed a black bear
  2026 | D:4      | Reached skill level 7 in Long Blades
  2325 | D:5      | Entered Level 5 of the Dungeon
  2330 | D:5      | Reached XP level 7. HP: 42/50 MP: 7/7
  2436 | D:5      | Identified the +3 long sword of the Beastly God {drain,
                  | Int+2}
  2522 | D:5      | Found a shimmering altar of Xom.
  2555 | D:5      | Reached skill level 8 in Long Blades
  2970 | D:5      | Found Ofuihia's Jewellery Emporium.
  3034 | D:5      | Found a runed translucent door.
  3035 | D:5      | Noticed cnlflgl's ghost (novice OpSh)
  3054 | D:5      | Identified the +7 short sword of the Riding Gods {spect,
                  | rElec Str+5 Dex-2 Stlth-}
  3536 | D:5      | Killed cnlflgl's ghost
  3537 | D:5      | Reached skill level 9 in Long Blades
  3537 | D:5      | Reached XP level 8. HP: 49/56 MP: 8/8
  3673 | D:6      | Identified a scroll of acquirement
  3673 | D:6      | Acquired the +1 pair of boots of Subjectivity {Harm *Slow
                  | rF++ SInv}
  3840 | D:6      | Found a staircase to the Ecumenical Temple.
  3861 | D:6      | Reached skill level 10 in Long Blades
  3870 | Temple   | Entered the Ecumenical Temple
  4053 | Temple   | Became a worshipper of the Shining One
  4461 | D:6      | Found an ancient bone altar of Kikubaaqudgha.
  4495 | D:6      | Reached XP level 9. HP: 48/61 MP: 9/9
  4543 | D:6      | Noticed a troll
  4545 | D:6      | Found the +18 Lear's hauberk
  4550 | D:6      | Killed a troll
  4551 | D:6      | Reached skill level 5 in Short Blades
  4767 | D:7      | Found an opulent altar of Gozag.
  4860 | D:7      | Found a runed translucent gate.
  4860 | D:7      | Found a runed translucent gate.
  4860 | D:7      | Found a runed translucent gate.
  4861 | D:7      | Noticed Huckle's ghost (novice MiEE)
  4905 | D:7      | Reached skill level 11 in Long Blades
  4906 | D:7      | Reached * piety under the Shining One
  5019 | D:7      | Noticed Menkaure
  5032 | D:7      | Killed Menkaure
  5046 | D:7      | Found a flagged portal.
  5054 | Bailey   | Entered a bailey
  5251 | Bailey   | Noticed an orc knight
  5269 | Bailey   | Killed an orc knight
  5270 | Bailey   | Reached XP level 10. HP: 51/67 MP: 10/10
  5275 | Bailey   | Reached skill level 12 in Long Blades
  5508 | Bailey   | Identified the +2 cloak of the End {-Cast rElec rF- Dex+6}
  5638 | D:7      | Found a sacrificial altar of Ru.
  5885 | D:8      | Found Loemy's Weapon Shoppe.
  6010 | D:8      | Noticed 9stopf's ghost (journeyman CoWr)
  6021 | D:8      | Found a runed translucent gate.
  6021 | D:8      | Found a runed translucent gate.
  6022 | D:8      | Found a runed translucent gate.
  6179 | D:8      | Reached skill level 13 in Long Blades
  6220 | D:8      | Found Viso's Specific Store.
  6221 | D:8      | Found Jyanyito's General Store.
  6347 | D:8      | Reached skill level 1 in Evocations
  6354 | D:8      | Reached skill level 1 in Armour
  6461 | D:8      | Found a staircase to the Lair.
  6650 | D:8      | Found a basalt altar of Yredelemnul.
  6910 | D:3      | Reached ** piety under the Shining One
  7065 | D:7      | Killed Huckle's ghost
  7066 | D:7      | Reached XP level 11. HP: 58/75 MP: 11/11
  7226 | D:8      | Killed 9stopf's ghost
  7446 | D:9      | Reached skill level 1 in Axes
  7533 | D:9      | Found a hazy altar of Hepliaklqana.
  7598 | D:9      | Found a hide-covered altar of Uskayaw.
  7895 | D:9      | Reached skill level 5 in Evocations
  8015 | D:10     | Entered Level 10 of the Dungeon
  8159 | D:10     | Noticed Psyche
  8165 | D:10     | Killed Psyche
  8165 | D:10     | Noticed a two-headed ogre
  8172 | D:10     | Killed a two-headed ogre
  8257 | D:10     | Noticed a deep elf pyromancer
  8262 | D:10     | Killed a deep elf pyromancer
  8262 | D:10     | Noticed Sonja
  8263 | D:10     | Reached skill level 5 in Fighting
  8263 | D:10     | Reached skill level 5 in Dodging
  8265 | D:10     | Reached *** piety under the Shining One
  8268 | D:10     | Killed Sonja
  8414 | D:10     | Found a staircase to the Orcish Mines.
  8610 | D:10     | Reached XP level 12. HP: 86/86 MP: 12/12
  8621 | D:10     | Reached skill level 14 in Long Blades
  8790 | D:11     | Noticed a two-headed ogre
  8799 | D:11     | Killed a two-headed ogre
  8926 | D:11     | Noticed a two-headed ogre
  8931 | D:11     | Killed a two-headed ogre
  9670 | D:12     | Reached skill level 5 in Armour
  9854 | D:12     | Noticed a tengu warrior
 10068 | Lair:1   | Entered Level 1 of the Lair of Beasts
 10354 | Lair:1   | Noticed Erica
 10373 | Lair:1   | Killed Erica
 10535 | Lair:1   | Noticed Amaemon
 10543 | Lair:1   | Killed Amaemon
 10543 | Lair:1   | Reached **** piety under the Shining One
 10548 | Lair:1   | Reached skill level 5 in Axes
 10653 | Lair:1   | Reached XP level 13. HP: 74/95 MP: 13/13
 11447 | Lair:2   | Found a hole to the Spider Nest.
 11981 | Lair:2   | Found a staircase to the Shoals.
 13229 | Lair:3   | Reached skill level 15 in Long Blades
 13957 | Lair:4   | Found a viscous altar of Jiyva.
 13959 | Lair:4   | Found a staircase to the Slime Pits.
 14043 | Lair:4   | Reached skill level 10 in Evocations
 14046 | Lair:4   | Reached XP level 14. HP: 78/105 MP: 14/14
 14046 | Lair:4   | Acquired a cryobismuth whirligig {AutoDazzle, rPois rF+
                  | rCorr}
 14391 | Lair:4   | Found a gate leading to a gauntlet.
 14400 | Gauntlet | Entered a Gauntlet
 14400 | Gauntlet | Found a transporter.
 14400 | Gauntlet | Found a transporter.
 14606 | Gauntlet | Found a transporter.
 14616 | Gauntlet | Found a transporter.
 14617 | Gauntlet | Found a transporter.
 14621 | Gauntlet | Found a runed translucent door.
 14623 | Gauntlet | Found a runed translucent door.
 14625 | Gauntlet | Found a transporter.
 14643 | Gauntlet | Found a transporter.
 14643 | Gauntlet | Reached ***** piety under the Shining One
 14660 | Gauntlet | Found a transporter.
 14663 | Gauntlet | Found a transporter.
 14673 | Gauntlet | Found a transporter.
 14676 | Gauntlet | Found a transporter.
 14710 | Gauntlet | Found a transporter.
 14792 | Gauntlet | Noticed a brown very ugly thing
 14798 | Gauntlet | Noticed a white very ugly thing
 15032 | Abyss:3  | Cast into level 3 of the Abyss (an occultist)
 15051 | Abyss:3  | Noticed a tentacled starspawn
 15057 | Abyss:3  | Killed a tentacled starspawn
 15081 | Abyss:3  | Noticed a bone dragon
 15103 | Abyss:3  | Killed a bone dragon
 15308 | Abyss:3  | Noticed a tentacled starspawn
 15312 | Abyss:3  | Noticed a starcursed mass
 15325 | Abyss:3  | Killed a tentacled starspawn
 15351 | Abyss:3  | Noticed a tentacled starspawn
 15351 | Abyss:3  | Noticed a starcursed mass
 15351 | Abyss:3  | Noticed a lorocyproca
 15371 | Abyss:3  | Killed a tentacled starspawn
 15511 | Abyss:3  | Mangled by a titan skeleton

Illustrated notes

Levels and vault maps discovered:
D:1:      kb_arrival_jail, layout_rooms
D:2:      layout_basic, minmay_goblin_kobold_house
D:3:      gammafunk_wand_slinger, layout_rooms, grunt_ministairs_6,
          hangedman_decor_lopped
D:4:      layout_rooms, nemelex_diamond_rough_becter,
          chequers_temple_overflow_statue_of_worship, uniq_blork_the_orc
D:5:      layout_cave_pods, xom_teletrap_fun, serial_shops, shop,
          gammafunk_ghost_grave, st_stairs_14, nrook_uturn
D:6:      layout_loops_cross, kiku_gazebo_garden_becter,
          minmay_temple_entry_butterflies, minmay_misc_feat_room, moated_statue,
          hellmonk_guarded_unrand_lears
D:7:      layout_cave_pools, nicolae_ru_the_path_less_chosen,
          nicolae_gozag_seed_capital, gammafunk_ghost_necromancy,
          enter_bailey_2, uniq_menkaure
D:8:      layout_rooms, mainiacjoe_overflow_alcove_4, erik_lair_dragon,
          serial_shops, shop, gammafunk_ghost_split, nicolae_specific_store
D:9:      layout_gridville, nicolae_hepliaklqana_hazy_memory,
          amcnicky_altar_gilded, chequers_serial_rivers_micro_c
D:10:     layout_roguey, orc_0_dummy, hangedman_decor_opposing,
          wad_floor_pattern_1, grunt_decor_fettered, minmay_misc_feat_five,
          hangedman_stone_soup, uniq_psyche, uniq_sonja
D:11:     layout_loops_ring
D:12:     layout_gridville, kb_tengu_band
Temple:   minmay_temple_curvy_loop
Lair:1:   layout_regular_city, uniq_erica, uniq_amaemon
Lair:2:   layout_layer_cave, elwin_shoals_entry_rooms, spider_nest_entry_a,
          lemuel_fruit_tree
Lair:3:   layout_regular_city
Lair:4:   layout_hall_layers, slime_entry_2, gauntlet_entry_generic,
          beast_lair_carwin_8
Abyss:3:  base: D:3, base: D:5, nicolae_abyss_rune_star_stuff,
          nicolae_abyss_rune_star_stuff, minivault_25_ag
Gauntlet: minmay_gauntlet_mixed_big_or_small [nicolae_gauntlet_arena_grate_2,
          minmay_gauntlet_arena_77_radiant_squares,
          nicolae_gauntlet_arena_t_cross, minmay_gauntlet_arena_77_box,
          gammafunk_gauntlet_arena_arrow_garden,
          minmay_gauntlet_arena_77_cramped, dreamdust_gauntlet_exit_labyrinth]

Skill      XL: |  1  2  3  4  5  6  7  8  9 10 11 12 13 14 |
---------------+-------------------------------------------+-----
Long Blades    | 4 6 7 9 10 11 13 14 15 | 15.7
Short Blades   | 2 4 7 |  7.2
Evocations     | 3 6 8 10 | 10.0
Armour         | 2 4 5 7 8 |  8.4
Dodging        | 3 5 6 7 8 |  8.8
Fighting       | 3 5 6 8 9 |  9.4
Axes           | 3 5 6 8 |  8.4
Throwing       | |  1.7

Action                     |  1- 3 |  4- 6 |  7- 9 | 10-12 | 13-15 || total
---------------------------+-------+-------+-------+-------+-------++-------
  Melee: Long sword        |    22 |       |       |       |       ||    22
         Dagger            |    34 |    51 |    28 |       |       ||   113
         Falchion          |    22 |    64 |   127 |   347 |   185 ||   745
         Short sword       |       |       |    72 |   318 |   166 ||   556
         Scimitar          |       |       |       |       |   294 ||   294
         Hand axe          |       |       |       |       |   272 ||   272
 Invoke: Divine Shield     |       |       |     1 |       |       ||     1
Ability: Invent Gizmo      |       |       |       |       |     1 ||     1
  Evoke: Wand              |       |       |       |    12 |       ||    12
    Use: Scroll            |       |     7 |     9 |     6 |     2 ||    24
         Potion            |       |       |       |     2 |     4 ||     6
   Stab: Sleeping          |       |     1 |       |       |       ||     1
         Distracted        |       |       |     2 |       |       ||     2
 Armour: Leather armour    |    15 |    27 |       |       |       ||    42
         Chain mail        |       |    29 |   123 |   284 |   450 ||   886
         Skin              |       |       |       |    18 |       ||    18
  Dodge: Dodged            |    23 |    38 |    86 |   147 |   289 ||   583
  Block: Other             |       |       |     6 |       |       ||     6

Table legend: (Time is in decaauts)
 A = Elapsed time spent in this place.
 B = Non-inter-level travel time spent in this place.
 C = Inter-level travel time spent in this place.
 D = Time resting spent in this place.
 E = Time spent auto-exploring this place.
 F = Levels seen in this place.
 G = Mean time per level.
                   A        B        C        D        E       F      G
               +--------+--------+--------+--------+--------+-----+--------+
         Total |  15367 |  14635 |    732 |    810 |  10734 |  20 |  768.3 |
       Dungeon |   9301 |   8708 |    593 |    140 |   6888 |  12 |  775.1 |
        Temple |    206 |    184 |     22 |    100 |      0 |   1 |  206.0 |
          Lair |   4270 |   4153 |    117 |    140 |   3162 |   4 | 1067.5 |
         Abyss |    445 |    445 |      0 |    175 |    111 |   1 |  445.0 |
        Bailey |    525 |    525 |      0 |    157 |    210 |   1 |  525.0 |
      Gauntlet |    617 |    617 |      0 |     98 |    362 |   1 |  617.0 |
               +--------+--------+--------+--------+--------+-----+--------+

Top non-repeatable levels by time:
  Lair:2: 1447 daAuts
     D:5: 1308 daAuts
  Lair:1: 1188 daAuts
  Lair:3: 1179 daAuts
     D:8: 1104 daAuts
     D:6: 1036 daAuts
    D:11: 848 daAuts
    D:10: 795 daAuts
     D:7: 743 daAuts
     D:9: 725 daAuts
     D:2: 672 daAuts
     D:4: 620 daAuts
Gauntlet: 617 daAuts
     D:1: 586 daAuts
     D:3: 574 daAuts
